 Dungeon Crawl Stone Soup version 0.26-a0-651-gb41185065b (webtiles) character file.

Game seed: 2202940772144450862

1621 gbos the Ruffian (level 8, -4/84 HPs)
             Began as an Ogre Transmuter on Oct 26, 2020.
             Was a Believer of Okawaru.
             Slain by a killer bee (10 damage)
             ... on level 7 of the Dungeon.
             The game lasted 00:12:07 (9143 turns).

gbos the Ruffian (Ogre Transmuter)                  Turns: 9143, Time: 00:12:07

Health: -4/84      AC:  6    Str: 15      XL:     8   Next: 96%
Magic:  17/17      EV: 10    Int: 16      God:    Okawaru [**....]
Gold:   353        SH:  0    Dex:  7 (9)  Spells: 15/19 levels left

rFire    . . .     SeeInvis .     - Unarmed
rCold    . . .     Faith    .   (no shield)
rNeg     . . .     Spirit   .   a - +1 robe
rPois    .         Reflect  .   t - +2 hat
rElec    .         Harm     .   x - scarf {repulsion}
rCorr    .         Rampage  .   (gloves unavailable)
MR       .....                  (boots unavailable)
Stlth    +.........             r - amulet of the acrobat
HPRegen  0.24/turn              (no ring)
MPRegen  0.15/turn              (no ring)

@: lethally poisoned (-4 -> -8), repel missiles
A: large, unfitting armour, tough skin 1
a: Heroism, Renounce Religion


You were on level 7 of the Dungeon.
You worshipped Okawaru.
Okawaru was pleased with you.
You visited 1 branch of the dungeon, and saw 8 of its levels.

You collected 353 gold pieces.


Innate Abilities, Weirdness & Mutations

You are too large for most types of armour.
You have tough skin. (AC +1)


   Skills:
 + Level 6.5 Fighting
 - Level 1.7 Dodging
 * Level 7.0 Unarmed Combat
 + Level 6.0 Spellcasting
 - Level 3.0 Transmutations
 - Level 1.0 Poison Magic
 + Level 3.3 Invocations


You had 15 spell levels left.
You knew the following spells:

 Your Spells              Type           Power        Failure   Level
x - Spider Form           Tmut/Pois      ##........   19%         3
z - Beastly Appendage     Tmut           ##....       4%          1

Your spell library contained the following spells:

 Spells                   Type           Power        Failure   Level
 Wereblood                Tmut           ##......     6%          2
 Ice Form                 Ice/Tmut       #.......     58%         4
 Blade Hands              Tmut           ##........   73%         5

Inventory:

Hand Weapons
 b - a +1 hunting sling
Missiles
 e - 18 poisoned darts (quivered)
 v - 9 boomerangs
Armour
 a - a +1 robe (worn)
 t - a +2 hat (worn)
 x - a scarf of repulsion (worn)
Magical Staves
 i - an uncursed staff of air {unknown}
Jewellery
 r - an amulet of the acrobat (around neck)
Wands
 m - a wand of acid (12)
 q - a wand of flame (13)
 w - a wand of enslavement (8)
Scrolls
 c - a scroll of teleportation {@r4}
 d - 4 scrolls of identify {@r1}
 g - a scroll of enchant weapon
 k - 3 scrolls of remove curse
 s - 5 scrolls of noise {unknown}
Potions
 h - a potion of berserk rage {!q}
 l - a potion of haste {@q3}
 n - a potion of brilliance
 o - a potion of ambrosia {unknown}
 p - a potion of cancellation
 z - a potion of flight {unknown}

Dungeon Overview and Level Annotations

Branches:
Dungeon (8/15)             Temple (0/1) D:7
   Lair: D:8-11

Altars:
Fedhas
Gozag
Hepliaklqana
Okawaru
Ru
Vehumet
Xom
Yredelemnul

Annotations:
D:6 1 runed translucent door, PanSaczeczos's ghost, novice DDFi
D:8 Maurice

▒▒▒............▒.........
▒▒.....▒...▒▒▒▒...▒▒▒▒.▒
▒▒▒▒..▒▒▒....▒▒▒..........▒
▒....▒▒ ▒▒.......▒▒.....▒▒▒
▒.▒▒▒▒ ▒.▒..▒▒▒▒▒..▒..▒▒▒ ▒▒)▒
▒▒▒.......▒...▒▒...▒
▒..▒▒▒▒▒▒.yy.▒▒...▒.▒......▒
▒▒▒▒.▒▒▒.....▒y▒▒▒▒....▒▒▒▒▒...
▒....▒▒▒.▒▒▒▒▒O▒ ▒.....▒▒▒▒▒⌠▒
▒▒▒.▒▒▒▒▒..▒ ▒...▒ ▒▒.▒...▒▒.#^^
▒...▒▒▒...▒▒ ▒.▒▒▒ ▒▒▒.▒▒.▒▒≈▒..♣
▒.▒▒▒▒..▒▒▒ ▒.▒ ▒......▒^≈≈≈.#
.......▒▒▒ ▒.▒▒▒▒▒...▒▒.⌠≈♣..__
.........▒▒▒▒▒.▒.....▒▒▒▒▒▒..†...
....▒............▒▒▒.▒ ▒..▒▒▒▒.▒#
......▒▒▒....▒▒.▒▒▒▒)▒▒▒...▒▒♣♣..
....▒▒▒ ▒.▒▒▒▒▒.............▒▒▒⌠▒


You could see 3 killer bees.


Message History

You feel sick.
You flicker for a moment.
Your magical effects are unravelling.
You feel magically purged.
Your magical contamination has completely faded away.
You flicker back into view.
You feel sick. The killer bee misses you.
The killer bee stings you but does no damage.
The killer bee stings you!
* * * LOW HITPOINT WARNING * * *
The killer bee stings you but does no damage.
Okay, then.
The killer bee completely misses you. The killer bee closely misses you.
The killer bee closely misses you. The killer bee stings you!
* * * LOW HITPOINT WARNING * * *
The killer bee completely misses you. The killer bee completely misses you.
The killer bee completely misses you. The killer bee completely misses you.
You feel sick. The killer bee completely misses you. The killer bee stings you!
* * * LOW HITPOINT WARNING * * *
You are poisoned.
The killer bee poisons you! The killer bee stings you!
You die...

Action                   |  1- 3 |  4- 6 |  7- 9 || total
-------------------------+-------+-------+-------++-------
Melee: Unarmed           |   131 |   153 |   245 ||   529
       Kick              |     2 |     1 |     4 ||     7
       Punch             |     1 |       |     1 ||     2
       Headbutt          |       |     1 |     1 ||     2
 Cast: Beastly Appendage |     3 |     5 |     3 ||    11
       Spider Form       |       |     7 |    17 ||    24
  Use: Potion            |       |     3 |     5 ||     8
       Scroll            |       |       |    15 ||    15
 Stab: Sleeping          |     1 |       |       ||     1
Armor: Robe              |    38 |    21 |    31 ||    90
       Skin              |       |     8 |     8 ||    16
Dodge: Dodged            |    69 |    76 |   209 ||   354
       Repelled          |       |       |     3 ||     3

Levels and vault maps discovered:
D:1:      matt_arrival_los_fun, layout_basic
D:2:      layout_loops_corners, fedhas_altar_4,
          chequers_ecumenical_altar_simple, patterned_corridor
D:3:      layout_loops_ring, grunt_temple_overflow_open
D:4:      layout_loops_ring, uniq_natasha, uniq_ijyb
D:5:      layout_basic
D:6:      layout_cave_pods, nicolae_overflow_crystal_walls,
          hellmonk_ghost_happy_afterlife
D:7:      layout_rooms, minmay_temple_entry_arrows, xom_redecorated
D:8:      layout_basic, overflow_temple_1_default, lemuel_doored_altar,
          dpeg_oklobed_lair, uniq_maurice

Notes
Turn   | Place    | Note
-------+----------+-------------------------------------------
     0 | D:1      | gbos the Ogre Transmuter began the quest for the Orb.
     0 | D:1      | Reached XP level 1. HP: 19/19 MP: 3/3
   612 | D:1      | Reached skill level 3 in Unarmed Combat
   612 | D:1      | Reached XP level 2. HP: 27/28 MP: 5/5
   635 | D:1      | Reached skill level 2 in Transmutations
   970 | D:1      | Reached skill level 2 in Fighting
  1311 | D:1      | Reached XP level 3. HP: 35/35 MP: 7/7
  1966 | D:2      | Found a faded altar of an unknown god.
  2046 | D:2      | Reached skill level 3 in Spellcasting
  2257 | D:2      | Reached XP level 4. HP: 28/44 MP: 6/8
  2271 | D:2      | Learned a level 3 spell: Spider Form
  2544 | D:2      | Found a blossoming altar of Fedhas.
  2735 | D:3      | Found a sacrificial altar of Ru.
  2737 | D:3      | Found a hazy altar of Hepliaklqana.
  2741 | D:3      | Found an iron altar of Okawaru.
  2741 | D:3      | Found an opulent altar of Gozag.
  2747 | D:3      | Found a basalt altar of Yredelemnul.
  2855 | D:3      | Became a worshipper of Warmaster Okawaru
  2956 | D:3      | HP: 19/66 [poisoned by an adder]
  2961 | D:3      | HP: 11/44 [poisoned by an adder]
  2968 | D:3      | HP: 10/44 [poisoned by an adder]
  2976 | D:3      | HP: 10/44 [poisoned by an adder]
  3459 | D:3      | HP: 19/66 [poisoned by a scorpion]
  3463 | D:3      | Reached skill level 3 in Fighting
  3463 | D:3      | Reached XP level 5. HP: 17/53 MP: 7/9
  3464 | D:3      | HP: 15/79 [poisoned by a scorpion]
  3469 | D:3      | HP: 10/79 [poisoned by a scorpion]
  3474 | D:3      | HP: 6/79 [poisoned by a scorpion]
  3479 | D:3      | HP: 4/79 [poisoned by a scorpion]
  3486 | D:3      | HP: 3/79 [poisoned by a scorpion]
  3493 | D:3      | HP: 2/79 [poisoned by a scorpion]
  3501 | D:3      | HP: 2/79 [poisoned by a scorpion]
  3992 | D:3      | Reached skill level 1 in Poison Magic
  4274 | D:4      | Reached skill level 4 in Unarmed Combat
  4279 | D:4      | HP: 3/53 [iguana (14)]
  4280 | D:4      | Reached XP level 6. HP: 3/61 MP: 3/11
  4571 | D:4      | Noticed Natasha
  4580 | D:4      | Killed Natasha
  4687 | D:4      | Noticed Ijyb
  4701 | D:4      | Killed Ijyb
  4791 | D:4      | Reached skill level 4 in Fighting
  4791 | D:4      | Reached skill level 4 in Spellcasting
  4987 | D:4      | Reached skill level 3 in Transmutations
  5002 | D:4      | Reached XP level 7. HP: 51/70 MP: 11/13
  5134 | D:4      | Noticed Natasha
  5141 | D:4      | Killed Natasha
  5147 | D:4      | Reached skill level 5 in Unarmed Combat
  5236 | D:4      | Reached * piety under Okawaru
  5626 | D:4      | Noticed Natasha
  5632 | D:4      | Killed Natasha
  5723 | D:5      | Entered Level 5 of the Dungeon
  6266 | D:5      | Reached skill level 5 in Fighting
  6270 | D:5      | Reached skill level 1 in Invocations
  6274 | D:5      | Reached XP level 8. HP: 54/80 MP: 11/15
  6396 | D:5      | Reached skill level 6 in Unarmed Combat
  6396 | D:5      | Reached skill level 5 in Spellcasting
  6574 | D:5      | Reached ** piety under Okawaru
  6711 | D:5      | Reached skill level 2 in Invocations
  7123 | D:5      | Reached skill level 6 in Fighting
  7370 | D:6      | Found a radiant altar of Vehumet.
  7675 | D:6      | Reached skill level 3 in Invocations
  8160 | D:6      | Found a runed translucent door.
  8160 | D:6      | Noticed PanSaczeczos's ghost (novice DDFi)
  8619 | D:7      | Found a shimmering altar of Xom.
  8696 | D:7      | Found a shimmering altar of Xom.
  8696 | D:7      | Found a shimmering altar of Xom.
  8718 | D:7      | Reached skill level 7 in Unarmed Combat
  8837 | D:7      | Reached skill level 6 in Spellcasting
  8882 | D:7      | Found a staircase to the Ecumenical Temple.
  9104 | D:7      | HP: 25/84 [killer bee (9)]
  9109 | D:7      | HP: 22/84 [poisoned by a killer bee]
  9114 | D:7      | HP: 20/84 [poisoned by a killer bee]
  9115 | D:8      | Noticed Maurice
  9120 | D:7      | HP: 11/84 [poisoned by a killer bee]
  9133 | D:7      | HP: 23/84 [killer bee (5)]
  9139 | D:7      | HP: 21/84 [poisoned by a killer bee]
  9141 | D:7      | HP: 4/84 [killer bee (9)]
  9143 | D:7      | Slain by a killer bee

Vanquished Creatures
  An ice beast (D:6)
  5 ogres
  2 centaurs (D:5)
  A bullfrog (D:4)
  2 scorpions
  A quasit (D:7)
  A jelly (D:5)
  6 orc priests
  A hound (D:7)
  A gnoll shaman (D:5)
  4 orc wizards
  Ijyb (D:4)
  Natasha (thrice) (D:4)
  An iguana (D:4)
  A worker ant (D:5)
  5 gnolls (D:5)
  7 adders
  2 shadow imps
  3 white imps
  An ufetubus (D:7)
  An ooze (D:1)
  An adder zombie (D:7)
  An adder skeleton (D:4)
  2 worms
  2 dart slugs (D:1)
  5 leopard geckos
  14 orcs
  3 bats
  4 giant cockroaches
  6 goblins
  3 hobgoblins
  2 jackals (D:6)
  3 quokkas
  A ball python (D:3)
  10 frilled lizards
  4 kobolds
  7 rats
118 creatures vanquished.
